 Dungeon Crawl Stone Soup version 0.31-a0-986-g5e6e4ef867 (webtiles) character file.

Game seed: 9280950502621881382

10066 benadryl the Cleaver (level 9, -2/57 (60) HPs)
             Began as a Gargoyle Fighter on Nov 5, 2023.
             Was the Champion of Ru.
             Slain by a blink frog (7 damage)
             ... on level 1 of the Lair of Beasts.
             The game lasted 00:17:23 (13747 turns).

benadryl the Cleaver (Gargoyle Fighter)            Turns: 13747, Time: 00:17:23

HP:   -2/57 (60)    AC: 18    Str: 29    XL:     9   Next: 56%
MP:   9/9           EV:  8    Int: 10    God:    Ru [******]
Gold: 743           SH:  5    Dex:  9    Spells: 8/8 levels left

rFire   . . .        a - +1 war axe
rCold   + . .        c - +1 buckler
rNeg    + . .        t - +3 chain mail {rC+}
rPois   ∞            (no helmet)
rElec   +            (no cloak)
rCorr   .            (no gloves)
SInv    .            (no boots)
Will    .....        h - amulet of faith Stlth
                     w - +6 ring of strength
HPRegen 0.29/turn    (no ring)
MPRegen 0.11/turn

%: inaccuracy (-5), faith
@: drained
A: sickness immunity, AC +6, negative energy resistance 1, electricity
resistance, torment resistance 1, petrification resistance, inability to drink
after injury 2, unskilled 1, inexperienced 2, missing an eye
a: Renounce Religion, Draw Out Power, Power Leap, Apocalypse


You were on level 1 of the Lair of Beasts.
You worshipped Ru.
Ru was exalted by your worship.
You visited 2 branches of the dungeon, and saw 13 of its levels.

You collected 743 gold pieces.

Inventory:

Hand Weapons
 a - a +1 war axe (weapon)
 y - a +0 battleaxe
Missiles
 s - 2 throwing nets
 u - 5 javelins
Armour
 c - a +1 buckler (worn)
 t - a +3 chain mail of cold resistance (worn)
 H - a +0 chain mail of fire resistance
Jewellery
 h - an amulet of faith (around neck)
 w - a +6 ring of strength (left hand)
 D - a ring of positive energy
Wands
 f - a wand of charming (29)
 q - a wand of flame (35)
 F - a wand of quicksilver (12)
 G - a wand of mindburst (14)
Scrolls
 b - a scroll of vulnerability
 i - 2 scrolls of poison
 j - 3 scrolls of fear
 r - a scroll of amnesia
 z - a scroll of enchant armour
 A - a scroll of identify {@r1}
 B - 2 scrolls of blinking
 E - 3 scrolls of enchant weapon
 I - a scroll of revelation
Potions
 d - 2 potions of might
 e - a potion of berserk rage
 g - 3 potions of attraction
 k - 2 potions of haste
 l - 2 potions of enlightenment
 m - 3 potions of mutation
 n - a potion of lignification
 p - 4 potions of curing {@q1}
 v - a potion of brilliance {unknown}
 x - a potion of magic
 C - 2 potions of invisibility


   Skills:
 - Level 9.3 Fighting
 * Level 12.8 Axes
 - Level 3.0 Armour
 - Level 3.0 Shields
 - Level 3.0 Evocations


You had 8 spell levels left.
You didn't know any spells.
Your spell library contained the following spells:

 Spells                   Type           Power      Damage    Failure   Level
 Kiss of Death            Conj/Necr      0%         2d5       89%         1
 Necrotise                Necr           0%         1d4       89%         1
 Wereblood                Tmut           0%         N/A       96%         2
 Ignite Poison            Fire/Tmut/Pois 0%         N/A       99%         3
 Vampiric Draining        Necr           0%         2d6       99%         3
 Animate Dead             Necr           0%         N/A       100%        4
 Dispel Undead            Necr           0%         3d6       100%        4
 Flame Wave               Conj/Fire      0%         2d4       100%        4
 Agony                    Necr           0%         N/A       100%        5
 Freezing Cloud           Conj/Ice/Air   0%         6-21      100%        5
 Irradiate                Conj/Tmut      0%         3d11      100%        5
 Death Channel            Necr           0%         N/A       100%        6
 Plasma Beam              Fire/Air       0%         2x1d10    100%        6
 Cigotuvi's Dreadful Rot  Necr/Pois/Air  Unusable   N/A       N/A         2

Dungeon Overview and Level Annotations

Branches:
Dungeon (12/15)            Temple (0/1) D:5            Lair (1/5) D:8
    Orc (0/2) D:10

Altars:
Ashenzari
Cheibriados
Dithmenos
Fedhas
Gozag
Kikubaaqudgha
Nemelex Xobeh
Ru
Xom
Zin

Shops:
D:5 (   D:7 =

Annotations:
D:5 2 transporters
D:12 Erolcha


Innate Abilities, Weirdness & Mutations

You are immune to sickness and miasma.
Your stone body is resilient. (AC +6)
You are immune to poison.
You resist negative energy. (rN+)
You are resistant to electric shocks. (rElec)
You are resistant to unholy torment.
You are immune to petrification.
You sometimes lose the ability to drink potions when taking damage.
You are somewhat unskilled. (-1 Apt)
You are inexperienced. (-2 XL)
You are missing an eye, making it more difficult to aim.


Message History

You barely miss the blink frog.
The blink frog begins to attack, but is stunned by your conviction!
The komodo dragon bites you!!
* * * LOW HITPOINT WARNING * * *
You redirect the blink frog's attack!
Okay, then.
As you read the scroll of fear, it crumbles to dust.
You assume a fearsome visage.
The komodo dragon looks frightened!
The blink frog looks frightened! x2; The blink frog blinks!
You redirect the blink frog's attack!
The blink frog blinks! x2
You feel less exhausted.
You can drink potions again.
The blink frog croaks. x2
The blink frog seems to regain its courage.
The blink frog begins to attack, but is stunned by your conviction!
The blink frog blinks!
You slash the blink frog!
The blink frog is heavily wounded.
The blink frog hits you.
* * * LOW HITPOINT WARNING * * *
Aiming: Charm
Press: ? - help, Shift-Dir - straight line, f - blink frog
Aim: a blink frog (heavily wounded, chance to affect: 38%)
The blink frog resists with some effort.
The blink frog seems to regain its courage.
The blink frog begins to attack, but is stunned by your conviction! x2
The blink frog hits you.
* * * LOW HITPOINT WARNING * * *
The blink frog blinks!
Aiming: Mindburst
Press: ? - help, Shift-Dir - straight line, f/p - blink frog
Aim: a blink frog (heavily wounded, chance to affect: 60%)
The blink frog resists with significant effort.
The blink frog completely misses you.
The blink frog begins to attack, but is stunned by your conviction! 2 blink frogs come into view.
The blink frog gives a loud, deep croak!
The blink frog hits you!
You die...

#.......# ##l..## ..
##......# ##...## ..#
##...F.# ##...## ...P
##.....####...## #...#
#.....###P....#
#...###...F.###...###
#...#......##...##
###.........#...## ###
#P##.#..##..@F.## #
...##...##.8.##..F..###..
........#................
.........8.>.8...........
..............#...§......
........##....#..........
##...##.###+###..##......
#.....###.....###.......#
.............†.#.#.###.##


You could see 4 blink frogs.

Vanquished Creatures
  A two-headed ogre (D:8)
  A kobold demonologist (D:11)
  Jeremiah (D:8)
  A gargoyle (D:10)
  3 komodo dragons
  A troll (D:11)
  A blink frog (Lair:1)
  A wyvern (D:9)
  3 slime creatures (D:9)
  2 wraiths
  4 yaks (D:10)
  A steam dragon (D:7)
  Grum (D:10)
  4 vampire mosquitoes (D:11)
  Edmund (D:4)
  2 wargs
  2 acid dragons (D:11)
  3 water moccasins (Lair:1)
  3 orc warriors
  An ice beast (D:7)
  A sky beast (D:8)
  2 black bears
  2 wolves (D:10)
  4 centaurs
  2 phantoms
  7 kobold brigands
  5 bullfrogs
  A gnoll sergeant (D:8)
  3 scorpions
  13 wights
  5 killer bees (D:9)
  2 hounds
  A sleepcap (D:6)
  A gnoll bouda (D:6)
  A jelly (D:5)
  7 orc priests
  Ijyb (D:4)
  4 orc wizards
  7 iguanas
  20 gnolls
  12 adders
  2 white imps (D:7)
  2 ufetubi (D:7)
  2 worms (D:3)
  4 dart slugs
  32 orcs
  5 bats
  4 endoplasms
  5 giant cockroaches
  3 gnoll zombies
  10 hobgoblins
  A jackal (D:3)
  28 kobolds
  6 quokkas
  6 ball pythons
  10 frilled lizards
  A giant cockroach zombie (D:4)
  11 goblins
  4 kobold zombies (D:6)
  2 orc zombies
  A quokka zombie (D:4)
  9 rats
286 creatures vanquished.

Vanquished Creatures (others)
  An orc warrior (D:8)
  A gnoll (D:5)
2 creatures vanquished.

Grand Total: 288 creatures vanquished

Notes
Turn   | Place    | Note
-------+----------+-------------------------------------------
     0 | D:1      | benadryl the Gargoyle Fighter began the quest for the Orb.
     0 | D:1      | Reached XP level 1. HP: 14/14 MP: 1/1
   137 | D:1      | Reached skill level 2 in Axes
   150 | D:1      | Reached XP level 2. HP: 19/20 MP: 2/2
   676 | D:1      | Reached XP level 3. HP: 24/24 MP: 3/3
  1567 | D:2      | Found a faded altar of an unknown god.
  1585 | D:2      | Prayed at the altar of an unknown god.
  1585 | D:2      | Became a worshipper of Kikubaaqudgha
  1585 | D:2      | Reached * piety under Kikubaaqudgha
  1585 | D:2      | Received a gift from Kikubaaqudgha
  1680 | D:3      | Reached XP level 4. HP: 29/30 MP: 4/4
  1822 | D:3      | Reached skill level 5 in Fighting
  1863 | D:3      | Reached skill level 3 in Axes
  1863 | D:3      | Reached XP level 5. HP: 30/35 MP: 5/5
  2141 | D:3      | Noticed a phantom
  2161 | D:3      | Killed a phantom
  2162 | D:3      | Reached XP level 6. HP: 32/41 MP: 6/6
  2312 | D:3      | Found a sacrificial altar of Ru.
  2446 | D:4      | Reached ** piety under Kikubaaqudgha
  2478 | D:3      | Fell from the grace of Kikubaaqudgha
  2478 | D:3      | Became a worshipper of Ru the Awakened
  2646 | D:4      | Noticed Ijyb
  2664 | D:4      | Killed Ijyb
  2772 | D:4      | Noticed a black bear
  2781 | D:4      | Killed a black bear
  2782 | D:4      | Reached skill level 4 in Axes
  2782 | D:4      | Reached XP level 7. HP: 41/48 MP: 7/7
  3137 | D:4      | Noticed Edmund
  3179 | D:4      | Killed Edmund
  3361 | D:5      | Entered Level 5 of the Dungeon
  3588 | D:5      | Found Feacvum's Weapon Shop.
  3622 | D:5      | Found an opulent altar of Gozag.
  3871 | D:5      | Reached XP level 8. HP: 18/55 MP: 8/8
  4092 | D:5      | Gained mutation: You are somewhat unskilled. (-1 Apt) [Ru
                  | sacrifice]
  4092 | D:5      | Reached * piety under Ru
  4123 | D:5      | Found a staircase to the Ecumenical Temple.
  4137 | D:5      | Identified the +1 leather armour "Naseusue" {rPois rN+
                  | Dex-2}
  4504 | D:5      | Found a blossoming altar of Fedhas.
  4510 | D:5      | Noticed a two-headed ogre
  4511 | D:5      | Found a broken altar of Ashenzari.
  4512 | D:5      | Found a transporter.
  4518 | D:5      | Found a transporter.
  5014 | D:6      | Reached skill level 5 in Axes
  6079 | D:6      | Was forgiven by Kikubaaqudgha
  6331 | D:6      | Found a glowing silver altar of Zin.
  6357 | D:7      | Reached skill level 6 in Axes
  6493 | D:7      | Reached XP level 9. HP: 33/38 MP: 9/9
  6770 | D:7      | Reached skill level 7 in Axes
  7406 | D:7      | Found Tuanyddo's Jewellery Boutique.
  7816 | D:7      | Noticed a komodo dragon
  7833 | D:7      | Killed a komodo dragon
  7834 | D:7      | Reached skill level 8 in Axes
  8028 | D:8      | Noticed Jeremiah
  8049 | D:8      | Killed Jeremiah
  8057 | D:8      | Gained mutation: You are somewhat inexperienced. (-1 XL)
                  | [Ru sacrifice]
  8057 | D:8      | Reached XP level 8. HP: 33/56 MP: 8/8
  8057 | D:8      | Reached ** piety under Ru
  8057 | D:8      | Reached *** piety under Ru
  8248 | D:8      | Found a staircase to the Lair.
  8268 | D:7      | Reached skill level 9 in Axes
  8557 | D:8      | Reached XP level 9. HP: 60/60 MP: 9/9
  8694 | D:8      | Found a shadowy altar of Dithmenos.
  9135 | D:8      | Found a shimmering altar of Xom.
  9294 | D:8      | Noticed a two-headed ogre
  9303 | D:8      | Killed a two-headed ogre
  9304 | D:8      | Reached skill level 10 in Axes
  9816 | D:9      | Reached skill level 11 in Axes
  9820 | D:9      | Gained mutation: You are inexperienced. (-2 XL) [Ru
                  | sacrifice]
  9820 | D:9      | Reached XP level 8. HP: 24/56 MP: 8/8
  9820 | D:9      | Reached **** piety under Ru
 10378 | D:9      | Found a sparkling altar of Nemelex Xobeh.
 10408 | D:10     | Identified the "Imilla Cosa"
 10408 | D:10     | Entered Level 10 of the Dungeon
 10408 | D:10     | Noticed Grum
 10424 | D:10     | Reached skill level 1 in Evocations
 10425 | D:10     | Killed Grum
 10591 | D:10     | Found a snail-covered altar of Cheibriados.
 10730 | D:10     | Found a staircase to the Orcish Mines.
 10885 | D:10     | Reached XP level 9. HP: 28/60 MP: 9/9
 11577 | D:11     | Reached skill level 12 in Axes
 11716 | D:11     | Gained mutation: You are missing an eye, making it more
                  | difficult to aim. [Ru sacrifice]
 11716 | D:11     | Reached ***** piety under Ru
 12112 | D:11     | Identified the +0 dagger "Hugh" {flame, rCorr Int+3 Dex-3}
 13330 | D:12     | Noticed Erolcha
 13415 | Lair:1   | Entered Level 1 of the Lair of Beasts
 13676 | Lair:1   | Gained mutation: You occasionally lose the ability to drink
                  | potions when taking damage. [Ru sacrifice]
 13676 | Lair:1   | Gained mutation: You sometimes lose the ability to drink
                  | potions when taking damage. [Ru sacrifice]
 13676 | Lair:1   | Reached ****** piety under Ru
 13747 | Lair:1   | Slain by a blink frog

Illustrated notes

Levels and vault maps discovered:
D:1:      nzn_arrival_settlement, layout_basic
D:2:      layout_loops_ring, hellmonk_ecumenical_altar_prayer_group,
          grunt_ministairs_7
D:3:      minmay_skewed_foursquare, layout_basic, nicolae_ru_path_of_blood,
          marbit_many_paths, mainiacjoe_overflow_alcove_1,
          minmay_misc_feat_square, chequers_serial_rivers_micro_c,
          minmay_pentangle
D:4:      layout_loops_ring, uniq_edmund, uniq_ijyb
D:5:      layout_loops_corners, lemuel_crystal_altar, grunt_gozag_statues,
          gammafunk_temple_overflow_arena, minmay_temple_entry_ruins,
          serial_shops, nicolae_shop_advertising_works
          [nicolae_subvault_shop_adworks]
D:6:      layout_loops_ring, zin_scriptorium
D:7:      layout_loops_ring, serial_shops, shop, hangedman_decor_opposing,
          minmay_lizard_king
D:8:      layout_basic, amcnicky_altar_gilded, lemuel_tele_altar,
          erik_lair_orcish_takeover, uniq_jeremiah
D:9:      layout_basic, nemelex_diamond_rough_becter
D:10:     layout_roguey, mainiacjoe_overflow_six_doors_small, orc_0_dummy,
          uniq_grum
D:11:     layout_layer_cave, st_stairs_1
D:12:     minmay_tearing_corner, layout_loops_ring, uniq_frances, uniq_erolcha
Lair:1:   layout_hall_layers, grunt_megastairs_1

Skill      XL: |  1  2  3  4  5  6  7  8  9 |
---------------+----------------------------+-----
Axes           | 2 3 4 9 12 | 12.8
Fighting       | 4 5 6 7 8 8 9 |  9.3
Evocations     | 2 3 |  3.0
Armour         | |  3.0
Shields        | |  3.0

Action                     |  1- 3 |  4- 6 |  7- 9 || total
---------------------------+-------+-------+-------++-------
  Melee: War axe           |   106 |   126 |   832 ||  1064
 Invoke: Sacrifice Experie |       |       |     2 ||     2
         Draw Out Power    |       |       |     4 ||     4
         Sacrifice Skill   |       |       |     1 ||     1
         Sacrifice Drink   |       |       |     1 ||     1
         Sacrifice an Eye  |       |       |     1 ||     1
  Evoke: Wand              |       |     4 |    17 ||    21
    Use: Scroll            |     5 |     4 |    14 ||    23
         Potion            |       |     1 |     6 ||     7
   Stab: Invisible         |       |       |    14 ||    14
         Distracted        |       |       |     1 ||     1
 Armour: Scale mail        |    44 |       |       ||    44
         Plate armour      |    25 |   144 |    53 ||   222
         Skin              |       |    13 |       ||    13
         Chain mail        |       |       |   745 ||   745
  Dodge: Dodged            |    45 |    29 |   336 ||   410
  Block: Buckler           |    18 |    23 |   236 ||   277

Table legend: (Time is in decaauts)
 A = Elapsed time spent in this place.
 B = Non-inter-level travel time spent in this place.
 C = Inter-level travel time spent in this place.
 D = Time resting spent in this place.
 E = Time spent auto-exploring this place.
 F = Levels seen in this place.
 G = Mean time per level.
                   A        B        C        D        E       F      G
               +--------+--------+--------+--------+--------+-----+--------+
         Total |  13928 |  13442 |    486 |   3221 |   8019 |  13 | 1071.4 |
       Dungeon |  13601 |  13115 |    486 |   3065 |   7934 |  12 | 1133.4 |
          Lair |    326 |    326 |      0 |    156 |     85 |   1 |  326.0 |
               +--------+--------+--------+--------+--------+-----+--------+

Top non-repeatable levels by time:
     D:7: 1950 daAuts
    D:11: 1793 daAuts
     D:5: 1613 daAuts
     D:6: 1446 daAuts
    D:10: 1156 daAuts
     D:8: 1148 daAuts
     D:9: 1009 daAuts
     D:4: 916 daAuts
     D:1: 903 daAuts
     D:3: 894 daAuts
     D:2: 766 daAuts
  Lair:1: 326 daAuts
    D:12: 1 daAuts
